 Dungeon Crawl Stone Soup version 0.30-a0-870-gc5d4c5acee (webtiles) character file.

Game seed: 5080823361392403956

78 Gerhazo the Conjurer (level 4, -1/23 (24) HPs)
             Began as a Deep Elf Conjurer on Mar 11, 2023.
             Slain by Crazy Yiuf
             ... wielding a +3 quarterstaff of chaos
              (9 damage)
             ... on level 4 of the Dungeon.
             The game lasted 00:03:02 (1343 turns).

Gerhazo the Conjurer (Deep Elf Conjurer)            Turns: 1343, Time: 00:03:03

HP:   -1/23 (24)    AC:  4    Str:  4    XL:     4   Next: 15%
MP:   12/12         EV: 12    Int: 31    God:
Gold: 3             SH:  0    Dex: 13    Spells: 4/11 levels left

rFire   + + .      SeeInvis .    p - +4 hammer "Agaa" {drain, *Noise rF+ Will++}
rCold   + + +      Faith    .    (no shield)
rNeg    . . .      Spirit   .    j - +2 robe {rC+}
rPois   +          Reflect  .    (no helmet)
rElec   +          Rampage  .    (no cloak)
rCorr   +                        (no gloves)
Will    ++...                    (no boots)
Stlth   ++                       (no amulet)
HPRegen 0.23/turn                m - +6 ring of intelligence
MPRegen 0.13/turn                e - ring of protection from cold

@: resistant, lightly drained
A: no striking features
a: no special abilities


You were on level 4 of the Dungeon.
You visited 1 branch of the dungeon, and saw 4 of its levels.

You collected 3 gold pieces.

Inventory:

Hand Weapons
 f - a +0 dagger
 p - the +4 hammer "Agaa" (weapon) {drain, *Noise rF+ Will++}
   (You found it on level 4 of the Dungeon)

   rF:        It protects you from fire.
   *Noise:    It may make noises in combat.
   Will:      It greatly increases your willpower.
Armour
 a - a +0 robe
 j - a +2 robe of cold resistance (worn)
Jewellery
 e - a ring of protection from cold (right hand)
 m - a +6 ring of intelligence (left hand)
Scrolls
 c - 2 scrolls of vulnerability {unknown}
 h - 4 scrolls of identify {unknown}
 k - a scroll of teleportation {unknown}
 l - a scroll of enchant weapon {unknown}
 o - 2 scrolls of noise {unknown}
Potions
 b - a potion of magic
 d - a potion of brilliance {unknown}
 g - a potion of curing {unknown}
 i - a potion of mutation {unknown}
 n - a potion of haste {unknown}


   Skills:
 + Level 2.6 Dodging
 + Level 2.6 Stealth
 + Level 4.1 Spellcasting
 * Level 5.6 Conjurations


You had 4 spell levels left.
You knew the following spells:

 Your Spells              Type           Power      Damage    Failure   Level
a - Magic Dart            Conj           100%       1d8       1%          1
b - Searing Ray           Conj           82%        2d7       1%          2
c - Iskenderun's Mystic   Conj/Tloc      23%        2d6       19%         4

Your spell library contained the following spells:

 Spells                   Type           Power      Damage    Failure   Level
 Dazzling Flash           Conj/Hex       46%        N/A       5%          3
 Fulminant Prism          Conj/Hex       11%        3d8       19%         4


Dungeon Overview and Level Annotations

Branches:
Dungeon (4/15)
 Temple: D:4-7

Altars:
Nemelex Xobeh

Annotations:
D:4 Crazy Yiuf


Message History

You see here a +0 hammer of holy wrath.
Press: ? - help, v - describe, . - travel, g - get item Item here: a +0 hammer of holy wrath.
The floor.
Press: ? - help, v - describe, . - travel A rock wall.
Crazy Yiuf laughs, "Dawk!"
You see here the +4 hammer "Agaa" {drain, *Noise rF+ Will++}.
You sense an unholy aura.
p - the +4 hammer "Agaa" (weapon)
{drain, *Noise rF+ Will++} You see here a +0 hammer of holy wrath.
Found two hammers and a glowing hammer.
Crazy Yiuf whimpers, "Hack Hive chair!"
You see here a +0 hammer.
This spell is astonishingly dangerous to cast!
Memorise Iskenderun's Mystic Blast, consuming 4 spell levels and leaving 4?
You start memorising the spell.
You continue memorising. x4
You finish memorising.
Spell assigned to 'c'.
You open the door. Crazy Yiuf attacks as you move away!
Crazy Yiuf hits you with a +3 quarterstaff of chaos.
Crazy Yiuf burns you.
You see here a +0 hammer of holy wrath.
You see here a +0 hammer.
You see here a +0 hammer.
Crazy Yiuf attacks as you move away! Crazy Yiuf closely misses you.
Crazy Yiuf flaps his cloak.
Crazy Yiuf attacks as you move away!
Crazy Yiuf hits you with a +3 quarterstaff of chaos.
Crazy Yiuf laughs, "Mountain pontify cloud!"
Crazy Yiuf attacks as you move away!
Crazy Yiuf hits you with a +3 quarterstaff of chaos.
You feel protected. Crazy Yiuf attacks as you move away!
Crazy Yiuf hits you with a +3 quarterstaff of chaos.
You feel drained.
Crazy Yiuf grits, "Gum pizzabubble chair!"
Crazy Yiuf attacks as you move away!
Crazy Yiuf hits you with a +3 quarterstaff of chaos!
You die...

.........###........#..###.#
##♣ .###..#...###..........#
#.# ##P~ ## ########
#####..#.#.###.♣♣♣~~≈ #
#......#.~♣~~~~≈≈ ##
#.......♣~~~~~≈≈~ .# ###
####...##.PP~~~~P≈P~ .#
#)))### ##.#....##.#~~~~~~~~~
.#
#.))')####.Pg....##...♣♣♣~~.~.
.#
#)))##.)#)PP.@..##....##......
.# ###
###)#)P#.......#.##.....) .#
#######........##...~~. .#
#.#.......#..~~~~ ######
####.............~~~ .....#
.............)......♣♣ .#####
#######.............(. .####
##.............. ..[.####
#..............


You could see Crazy Yiuf.

Vanquished Creatures
  An iguana (D:4)
  An adder (D:2)
  A worm (D:3)
  A dart slug (D:4)
  An orc (D:3)
  5 endoplasms
  3 giant cockroaches
  5 goblins
  4 hobgoblins
  2 jackals (D:4)
  A kobold (D:2)
  A quokka (D:4)
  4 ball pythons
  A frilled lizard (D:2)
  2 rats
33 creatures vanquished.

Vanquished Creatures (others)
  A plant (D:4)
1 creature vanquished.

Grand Total: 34 creatures vanquished

Notes
Turn   | Place    | Note
-------+----------+-------------------------------------------
     0 | D:1      | Gerhazo the Deep Elf Conjurer began the quest for the Orb.
     0 | D:1      | Reached XP level 1. HP: 10/10 MP: 6/6
    89 | D:1      | You fall into a shaft and drop 1 floor!
   100 | D:2      | Reached XP level 2. HP: 13/15 MP: 2/8
   103 | D:2      | Learned a level 2 spell: Searing Ray
   336 | D:2      | Reached skill level 5 in Conjurations
   532 | D:3      | Reached XP level 3. HP: 19/19 MP: 6/10
   658 | D:4      | Found a sparkling altar of Nemelex Xobeh.
  1157 | D:4      | Reached XP level 4. HP: 11/24 MP: 3/12
  1317 | D:4      | Found a runed translucent door.
  1318 | D:4      | Noticed Crazy Yiuf
  1319 | D:4      | Identified the +4 hammer "Agaa" {drain, *Noise rF+ Will++}
  1334 | D:4      | Learned a level 4 spell: Iskenderun's Mystic Blast
  1343 | D:4      | Slain by Crazy Yiuf

Illustrated notes

Levels and vault maps discovered:
D:1:      dpeg_arrival_round_c, layout_loops_ring,
          chequers_serial_rivers_small_b
D:2:      layout_basic, dreamdust_ecumenical_altar_angels_and_demons
D:3:      minmay_spotlight, layout_rooms, nicolae_wu_jian_glorious_leap,
          serial_shops, shop, minmay_bisected, uniq_jessica
D:4:      layout_rooms, nemelex_spade_bored_becter, minmay_stone_trees_small,
          serial_bayou_ford_a, uniq_crazy_yiuf_cottage

Skill      XL: |  1  2  3 |
---------------+----------+-----
Conjurations   | 5 |  5.6
Spellcasting   | 4 |  4.1
Dodging        | |  2.6
Stealth        | |  2.6

Action                     |  1- 3 |  4- 6 || total
---------------------------+-------+-------++-------
  Melee: Dagger            |     1 |       ||     1
   Cast: Magic Dart        |     7 |       ||     7
         Searing Ray       |    29 |     1 ||    30
 Armour: Robe              |     2 |       ||     2
  Dodge: Dodged            |     4 |     1 ||     5

Table legend: (Time is in decaauts)
 A = Elapsed time spent in this place.
 B = Non-inter-level travel time spent in this place.
 C = Inter-level travel time spent in this place.
 D = Time resting spent in this place.
 E = Time spent auto-exploring this place.
 F = Levels seen in this place.
 G = Mean time per level.
                   A        B        C        D        E       F      G
               +--------+--------+--------+--------+--------+-----+--------+
         Total |   1342 |   1341 |      1 |    255 |    766 |   4 |  335.5 |
       Dungeon |   1342 |   1341 |      1 |    255 |    766 |   4 |  335.5 |
               +--------+--------+--------+--------+--------+-----+--------+

Top non-repeatable levels by time:
     D:4: 766 daAuts
     D:2: 315 daAuts
     D:3: 171 daAuts
     D:1: 89 daAuts
